cohdb
Replays
Latest Replays
All Replays
Popular Replays
Top Player Replays
Match Explorer
How It Works
Community
CoH3 Stats
Reddit
Sign in to upload your games and track your stats! →
Sign in with Steam
Match 44252256
Unlisted
Match 44252256
Overview
Messages
Build Orders
End
Panzergrenadier Squad
Selects Armored Support Battlegroup
250 Light Carrier
Panzergrenadier Squad
Panzergrenadier Squad
Construct Light Support Kompanie
Combat Half-tracks
2.5-tonne Medical Truck
Fire Support Elements
Selects Superior Fire Drills
Flakvierling Half-track
Selects Salvage Kits
Pak 38 Mechanized Group
2.5-tonne Medical Truck
Veteran Squad Leaders
Construct Panzerarmee Kommand
Selects Flammpanzer III Medium Tank
2.5-tonne Medical Truck
Flak 36 Anti-tank Gun Team
Flammpanzer III Medium Tank
Advanced Field Repairs
Vehicle Survival Package
Flakvierling Half-track
MG34 Team
Armored Reserves
Omach
foregoo
PYPA
rafikos
Bish Bash Bosh
Stoottroeper
Spoenky #6310
MoriMusic
0
0
Comments
sign in to comment!
No comments posted yet!